 Dungeon Crawl Stone Soup version 0.28-a0-313-gbc0475efdd (webtiles) character file.

Game seed: 18189621883897697940

1483 Spaninq the Chopper (level 8, -7/57 HPs)
             Began as a Demonspawn Delver on Aug 31, 2021.
             Was a Follower of Okawaru.
             Mangled by a black bear (8 damage)
             ... on level 6 of the Dungeon.
             The game lasted 00:16:04 (9263 turns).

Spaninq the Chopper (Demonspawn Delver)             Turns: 9263, Time: 00:16:05

Health: -7/57      AC: 14    Str: 15    XL:     8   Next: 50%
Magic:  8/8        EV:  7    Int: 11    God:    Okawaru [*.....]
Gold:   112        SH:  0    Dex: 15    Spells: 7/7 levels left

rFire   . . .      SeeInvis .   a - +0 hand axe
rCold   . . .      Faith    .   (no shield)
rNeg    . . .      Spirit   .   i - +0 chain mail
rPois   +          Reflect  .   p - +0 helmet
rElec   +          Harm     .   b - scarf {repulsion}
rCorr   +          Rampage  .   (no gloves)
Will    .....      Rnd*Rage +   (no boots)
Stlth   ..........              (no amulet)
HPRegen 0.19/turn               o - ring of resist corrosion
MPRegen 0.11/turn               (no ring)

@: repel missiles
A: hooves 2, slimy green scales 3, powered by death 1, berserk 1, frail 1,
mutation resistance 1, electricity resistance
a: Renounce Religion, Heroism


You were on level 6 of the Dungeon.
You worshipped Okawaru.
Okawaru was aware of your devotion.
You visited 1 branch of the dungeon, and saw 6 of its levels.

You collected 112 gold pieces.

Inventory:

Hand Weapons
 a - a +0 hand axe (weapon)
Armour
 b - a scarf of repulsion (worn)
 i - a +0 chain mail (worn)
 p - a +0 helmet (worn)
Jewellery
 o - a ring of resist corrosion (left hand)
Wands
 g - a wand of digging (5)
 n - a wand of paralysis (17)
 t - a wand of flame (15)
Scrolls
 c - a scroll of fog
 d - 3 scrolls of magic mapping
 e - a scroll of fear
 h - 5 scrolls of identify {unknown}
 j - 2 scrolls of vulnerability {unknown}
 k - 2 scrolls of teleportation {unknown}
 s - a scroll of holy word {unknown}
Potions
 f - 2 potions of haste
 l - a potion of flight {unknown}
 m - a potion of experience {unknown}
 q - a potion of curing
 r - a potion of invisibility {unknown}
 u - a potion of mutation


   Skills:
 + Level 6.1 Fighting
 * Level 7.1 Axes
 + Level 4.6 Armour
 - Level 1.7 Dodging
 - Level 4.5 Stealth


You had 7 spell levels left.
You didn't know any spells.
Your spell library contained the following spells:

 Spells                   Type           Power      Damage    Failure   Level
 Foxfire                  Conj/Fire      0%         2x1d4     100%        1
 Magic Dart               Conj           0%         1d3       100%        1
 Corpse Rot               Necr/Air       N/A        N/A       100%        2
 Poisonous Vapours        Pois/Air       0%         N/A       100%        2
 Slow                     Hex            0%         N/A       100%        2
 Static Discharge         Conj/Air       0%         N/A       100%        2
 Confusing Touch          Hex            0%         N/A       100%        3
 Conjure Flame            Conj/Fire      0%         6-21      100%        3
 Inner Flame              Hex/Fire       0%         N/A       100%        3
 Mephitic Cloud           Conj/Pois/Air  0%         N/A       100%        3
 Dispel Undead            Necr           0%         3d6       100%        4
 Sticky Flame             Conj/Fire      0%         2d3       100%        4
 Freezing Cloud           Conj/Ice/Air   0%         6-21      100%        5
 Yara's Violent Unravell  Hex/Tmut       0%         3d3       100%        5
 Call Imp                 Summ           Unusable   N/A       N/A         2

Dungeon Overview and Level Annotations

Branches:
Dungeon (6/15)             Temple (0/1) D:5

Altars:
Makhleb
Okawaru
Trog
Xom

Shops:
D:2 =

Annotations:
D:2 Sigmund
D:4 2 runed translucent doors
D:5 2 runed translucent doors


Innate Abilities, Weirdness & Mutations

You have hoof-like feet.
You are completely covered in slimy green scales. (AC +4, rPois)
You regenerate a little health from kills.
You tend to lose your temper in combat.
You are frail. (-10% HP)
You are somewhat resistant to further mutation.
You are resistant to electric shocks. (rElec)


Message History

You kick the black bear, but do no damage.
The black bear is severely wounded.
The black bear barely misses you.
The black bear claws you but does no damage. x2
You hit the black bear. Your kick misses the black bear.
The black bear is almost dead.
The black bear bites you! The black bear closely misses you.
The black bear barely misses you.
You hit the black bear.
You kick the black bear, but do no damage.
The black bear is almost dead.
The black bear bites you!
The black bear claws you but does no damage. x2
The black bear bites you. The black bear claws you. x2
You closely miss the black bear.
The black bear is almost dead.
The black bear barely misses you. The black bear claws you.
* * * LOW HITPOINT WARNING * * *
The black bear claws you.
* * * LOW HITPOINT WARNING * * *
You hit the black bear but do no damage.
You kick the black bear, but do no damage.
The black bear is almost dead.
The black bear bites you.
* * * LOW HITPOINT WARNING * * *
The black bear claws you but does no damage.
The black bear barely misses you. The black bear bites you.
* * * LOW HITPOINT WARNING * * *
The black bear barely misses you.
The black bear claws you but does no damage.
You feel better. The black bear bites you.
* * * LOW HITPOINT WARNING * * *
The black bear claws you but does no damage.
The black bear claws you.
* * * LOW HITPOINT WARNING * * *
It was a potion of mutation.
You feel extremely strange.
You feel frail.
You feel insulated.
You feel a little pissed off.
You feel genetically stable. The black bear bites you!
You die...

.........##..#...........
.......>.##...[..........
......##.###.............
....## #..##....#...#....
.... #..#.....#..##....
... #..####..##....... ##
##...##...##.....##
#.......#####......
#h@....## #......
.........#### ##.....
....>.....# ######
##.........# #..##....##
#... ###.## ... ### ..


You could see a black bear (berserk).

Vanquished Creatures
  A black bear (D:4)
  2 necrophages (D:5)
  2 ogres
  A centaur (D:5)
  Blork the orc (D:4)
  2 scorpions
  A water moccasin skeleton (D:5)
  2 bullfrog zombies
  2 hounds
  An orc priest (D:5)
  2 gnoll shamans (D:5)
  Natasha (thrice) (D:2)
  Ijyb (D:5)
  2 orc wizards
  3 iguanas
  A hound skeleton (D:5)
  12 gnolls
  6 adders
  A howler monkey skeleton (D:5)
  A white imp (D:3)
  An adder skeleton (D:2)
  A worm (D:2)
  2 dart slugs
  16 orcs
  11 endoplasms
  5 giant cockroaches
  4 goblins
  9 hobgoblins
  6 quokkas
  A ball python (D:3)
  5 bats
  A frilled lizard (D:1)
  8 kobolds
  4 rats
121 creatures vanquished.

Notes
Turn   | Place    | Note
-------+----------+-------------------------------------------
     0 | D:5      | Spaninq the Demonspawn Delver began the quest for the Orb.
     0 | D:5      | Reached XP level 1. HP: 18/18 MP: 1/1
    12 | D:5      | Found a runed translucent door.
    14 | D:5      | Noticed a scorpion
    14 | D:5      | Noticed a killer bee
    16 | D:5      | Noticed a scorpion
    17 | D:5      | Found a runed translucent door.
    17 | D:5      | Noticed a vampire mosquito
    17 | D:5      | Noticed a scorpion
    18 | D:5      | Noticed a scorpion
    18 | D:5      | Noticed a scorpion
    18 | D:5      | Noticed a scorpion
    46 | D:5      | Noticed a necrophage
   167 | D:3      | Reached skill level 2 in Axes
   167 | D:3      | Gained mutation: You are partially covered in slimy green
                  | scales. (AC +2) [demonic ancestry]
   167 | D:3      | Reached XP level 2. HP: 9/24 MP: 2/2
   552 | D:2      | Found Haoxtas's Jewellery Shoppe.
   584 | D:2      | Noticed Sigmund
   712 | D:2      | Reached skill level 1 in Armour
   877 | D:2      | Found a faded altar of an unknown god.
   879 | D:2      | Noticed Natasha
   934 | D:1      | Gained mutation: You are mostly covered in slimy green
                  | scales. (AC +3) [demonic ancestry]
   934 | D:1      | Reached XP level 3. HP: 27/29 MP: 3/3
  1537 | D:1      | Reached skill level 3 in Axes
  1918 | D:2      | Gained mutation: You are completely covered in slimy green
                  | scales. (AC +4, rPois) [demonic ancestry]
  1918 | D:2      | Reached XP level 4. HP: 35/35 MP: 4/4
  2271 | D:2      | Killed Natasha
  2353 | D:2      | Noticed Natasha
  2366 | D:2      | Killed Natasha
  2367 | D:2      | Gained mutation: You have large cloven feet. [demonic
                  | ancestry]
  2367 | D:2      | Reached XP level 5. HP: 34/42 MP: 5/5
  2818 | D:2      | Found Haoxtas's Jewellery Shoppe.
  2876 | D:2      | Noticed Natasha
  2891 | D:2      | Killed Natasha
  3020 | D:3      | Noticed an ogre
  3233 | D:3      | Found a bloodstained altar of Trog.
  4076 | D:4      | Found a large runed translucent door.
  4076 | D:4      | Found a large runed translucent door.
  4079 | D:4      | Found a shimmering altar of Xom.
  4112 | D:4      | Reached skill level 4 in Axes
  4176 | D:4      | Gained mutation: You regenerate a little health from kills.
                  | [demonic ancestry]
  4176 | D:4      | Reached XP level 6. HP: 45/48 MP: 6/6
  4379 | D:4      | Noticed Blork the orc
  4396 | D:4      | Killed Blork the orc
  4718 | D:4      | Reached skill level 5 in Axes
  5047 | D:5      | Gained mutation: You have hoof-like feet. [demonic
                  | ancestry]
  5047 | D:5      | Reached XP level 7. HP: 53/55 MP: 7/7
  5085 | D:5      | Reached skill level 5 in Fighting
  5356 | D:5      | Found an iron altar of Okawaru.
  5719 | D:5      | Became a worshipper of Warmaster Okawaru
  5792 | D:5      | Reached skill level 6 in Axes
  6123 | D:3      | Reached XP level 8. HP: 49/63 MP: 8/8
  6367 | D:5      | HP: 3/63 [ogre (24)]
  7154 | D:3      | Found a bloodstained altar of Trog.
  8274 | D:5      | Found a staircase to the Ecumenical Temple.
  8714 | D:5      | Noticed Ijyb
  8740 | D:5      | Killed Ijyb
  8881 | D:5      | Found a burning altar of Makhleb.
  8889 | D:5      | Reached * piety under Okawaru
  8975 | D:5      | Reached skill level 7 in Axes
  9261 | D:6      | HP: 2/64 [black bear (5)]
  9263 | D:6      | Gained mutation: You are frail. (-10% HP) [potion of
                  | mutation]
  9263 | D:6      | Gained mutation: You are resistant to electric shocks.
                  | (rElec) [potion of mutation]
  9263 | D:6      | Gained mutation: You tend to lose your temper in combat.
                  | [potion of mutation]
  9263 | D:6      | Gained mutation: You are somewhat resistant to further
                  | mutation. [potion of mutation]
  9263 | D:6      | Mangled by a black bear

Illustrated notes

Levels and vault maps discovered:
D:1:      lightli_iron_boxes, layout_rooms, st_stairs_7, corner_web_ring
D:2:      layout_loops_ring, ebering_ecumenical_altar_abandoned, serial_shops,
          nicolae_diamond_shop, serial_aquarium, aquarium_bridge_straight
          [aquarium_subvault_bridge, aquarium_subvault_wall,
          aquarium_subvault_bridge, aquarium_subvault_wall], aquarium_window_2,
          aquarium_window_fake, aquarium_window_2, aquarium_view_2g,
          aquarium_balcony_double_3, aquarium_pool_side,
          chequers_serial_rivers_large_a, uniq_natasha, uniq_sigmund
D:3:      layout_basic, mainiacjoe_overflow_catwalk, minmay_splitting_lines
D:4:      due_chaos_kobolds, layout_basic, hangedman_abyss_or_decor_passed,
          st_stairs_2, uniq_blork_the_orc
D:5:      lemuel_insect_pit, layout_basic, makhleb_blood_cavern_becter,
          okawaru_trees_1, minmay_temple_entry_poolview, uniq_ijyb
D:6:      layout_cave_pools

Skill      XL: |  1  2  3  4  5  6  7  8 |
---------------+-------------------------+-----
Axes           | 2 3 4 5 6 7 |  7.1
Armour         | 1 2 3 4 |  4.6
Fighting       | 4 5 6 |  6.1
Dodging        | |  1.7
Stealth        | |  4.5

Action                   |  1- 3 |  4- 6 |  7- 9 || total
-------------------------+-------+-------+-------++-------
Melee: Hand axe          |   140 |   285 |   303 ||   728
       Kick              |       |    55 |   113 ||   168
  Use: Potion            |     1 |       |     2 ||     3
 Stab: Sleeping          |     3 |       |       ||     3
Armor: Leather armour    |    27 |       |       ||    27
       Chain mail        |    31 |   207 |   178 ||   416
Dodge: Dodged            |    58 |    85 |   103 ||   246
       Repelled          |       |     5 |       ||     5

Table legend: (Time is in decaauts)
 A = Elapsed time spent in this place.
 B = Non-inter-level travel time spent in this place.
 C = Inter-level travel time spent in this place.
 D = Time resting spent in this place.
 E = Time spent auto-exploring this place.
 F = Levels seen in this place.
 G = Mean time per level.
                   A        B        C        D        E       F      G
               +--------+--------+--------+--------+--------+-----+--------+
         Total |   9350 |   9010 |    340 |   2177 |   4824 |   6 | 1558.3 |
       Dungeon |   9350 |   9010 |    340 |   2177 |   4824 |   6 | 1558.3 |
               +--------+--------+--------+--------+--------+-----+--------+

Top non-repeatable levels by time:
     D:4: 2449 daAuts
     D:3: 2339 daAuts
     D:2: 1825 daAuts
     D:5: 1689 daAuts
     D:1: 878 daAuts
     D:6: 169 daAuts
